 Dungeon Crawl Stone Soup version 0.18.1-48-g4cf74bf (webtiles) character file.

46 MarcHammon the Covered (level 3, -6/33 HPs)
             Began as a Minotaur Fighter on Aug 30, 2016.
             Was an Initiate of Nemelex Xobeh.
             Mangled by a gnoll sergeant
             ... wielding a +0 trident
              (9 damage)
             ... on level 3 of the Dungeon.
             The game lasted 00:05:51 (1231 turns).

MarcHammon the Covered (Minotaur Fighter)           Turns: 1231, Time: 00:05:52

Health: -6/33      AC: 12    Str: 21    XL:     3   Next: 46%
Magic:  2/2        EV:  4    Int:  5    God:    Nemelex Xobeh [......]
Gold:   113        SH:  9    Dex:  9    Spells: 0 memorised, 2 levels left

rFire  . . .     SeeInvis .     a - +1 trident
rCold  . . .     Gourm    .     j - +0 plate armour
rNeg   . . .     Faith    .     c - +0 shield
rPois  .         Spirit   .     (helmet restricted)
rElec  .         Dismiss  .     (no cloak)
rCorr  .         Reflect  .     (no gloves)
SustAt .         Harm     .     (no boots)
MR     .....                    (no amulet)
Stlth  ..........               (no ring)
                                (no ring)

@: not resistant to hostile enchantments, extremely unstealthy
A: retaliatory headbutt, horns 2
a: Renounce Religion


You were on level 3 of the Dungeon.
You worshipped Nemelex Xobeh.
Nemelex Xobeh was noncommittal.
You were hungry.

You visited 1 branch of the dungeon, and saw 3 of its levels.

You collected 113 gold pieces.

Inventory:

Hand Weapons
 a - a +1 trident (weapon)
Armour
 b - a +0 scale mail
 c - a +0 shield (worn)
 h - a +0 helmet
 j - a +0 plate armour (worn)
Jewellery
 l - an uncursed amulet of inaccuracy
Scrolls
 e - a scroll of remove curse
 m - a scroll of fear {unknown}
 n - a scroll of fog {unknown}
Potions
 d - a potion of might
 g - a potion of agility
 i - a potion of flight {unknown}
 k - a potion of heal wounds {unknown}
Comestibles
 f - 2 bread rations


   Skills:
 + Level 3.9 Fighting
 + Level 3.0 Polearms
 + Level 4.4 Armour
 + Level 4.1 Shields


You had 2 spell levels left.
You didn't know any spells.

Dungeon Overview and Level Annotations

Branches:
Dungeon (3/15)

Altars:
Ashenzari
Fedhas
Kikubaaqudgha
Nemelex Xobeh
Trog
Xom
Yredelemnul


Innate Abilities, Weirdness & Mutations

You reflexively headbutt those who attack you in melee.
You have a pair of horns on your head.


Message History

Things that are here:
a dagger; a goblin corpse You hit the gnoll sergeant.
The gnoll sergeant is lightly wounded.
The gnoll hits you but does no damage.
The gnoll sergeant hits you with a trident.
The gnoll hits you but does no damage. The gnoll barely misses you.
You furiously retaliate!
You headbutt the gnoll.
The gnoll sergeant hits you with a trident.
You closely miss the gnoll sergeant.
The gnoll sergeant is lightly wounded.
The gnoll hits you but does no damage. The gnoll hits you.
The gnoll sergeant hits you with a trident!
* * * LOW HITPOINT WARNING * * *
You hit the gnoll sergeant.
The gnoll sergeant is lightly wounded.
The gnoll hits you but does no damage. You block the gnoll's attack.
The gnoll sergeant hits you with a trident!
You die...
Your body disappears without a glow.

.... ..
..##. ....
#..# #..##
#...# ###
#.#.#
#....###g#
# #ggg@.#
#######


You could see a gnoll sergeant and 3 gnolls.

Vanquished Creatures
  A gnoll (D:3)
  2 oozes (D:1)
  A worm (D:2)
  A dart slug (D:2)
  4 bats
  3 goblins
  5 hobgoblins
  2 giant newts (D:1)
  5 rats
24 creatures vanquished.

Notes
Turn   | Place    | Note
--------------------------------------------------------------
     0 | D:1      | MarcHammon the Minotaur Fighter began the quest for the Orb.
     0 | D:1      | Reached XP level 1. HP: 19/19 MP: 0/0
   536 | D:1      | Reached XP level 2. HP: 8/27 MP: 1/1
   880 | D:2      | Found a bloodstained altar of Trog.
   880 | D:2      | Found an ancient bone altar of Kikubaaqudgha.
   880 | D:2      | Found a blossoming altar of Fedhas.
   880 | D:2      | Found a shattered altar of Ashenzari.
   886 | D:2      | Found a shimmering altar of Xom.
   886 | D:2      | Found a basalt altar of Yredelemnul.
  1050 | D:2      | Reached XP level 3. HP: 29/33 MP: 2/2
  1189 | D:2      | Found a sparkling altar of Nemelex Xobeh.
  1198 | D:2      | Became a worshipper of Nemelex Xobeh the Trickster
  1222 | D:3      | Noticed a gnoll sergeant
  1231 | D:3      | Mangled by a gnoll sergeant

Skill      XL: |  1  2  3 |
---------------+----------+-----
Shields        | 4 |  4.1
Armour         | 4 |  4.4
Polearms       | 3 |  3.0
Fighting       | |  3.9

Action                   || total
-------------------------++-------
Melee: Trident           ||    60
       Headbutt          ||     6
  Use: Scroll            ||     5
Armor: Plate armour      ||    55
       Scale mail        ||     5
Dodge: Dodged            ||    14
Block: Shield            ||    36
